 Dungeon Crawl Stone Soup version 0.17-a0-1882-g750edc8 (webtiles) character file.

827 GrandHerb the Ruffian (level 7, -23/71 HPs)
             Began as a Troll Berserker on Sept 22, 2015.
             Was an Initiate of the Shining One.
             Annihilated by a polar bear (24 damage)
             ... created by the rage of Trog
             ... on level 5 of the Dungeon.
             The game lasted 00:35:23 (3761 turns).

GrandHerb the Ruffian (Troll Berserker)             Turns: 3761, Time: 00:35:24

Health: -23/71     AC:  6    Str: 22 (26) XL:     7   Next: 64%
Magic:  6/6        EV: 11    Int:  7      God:    the Shining One [......]
Gold:   205        SH:  0    Dex: 10      Spells: 0 memorised, 6 levels left

rFire  + . .     SeeInvis .       - Unarmed
rCold  . . .     Clarity  .     a - +0 animal skin
rNeg   . . .     SustAt   .     (no shield)
rPois  .         Gourm    +     (helmet restricted)
rElec  .         Spirit   .     m - +0 cloak
rCorr  .         Warding  .     (gloves unavailable)
rMut   .         Stasis   .     (boots unavailable)
MR     .....                    c - amulet of rage
Stlth  +.........               n - ring of protection from fire
                                j - +3 ring of intelligence

@: not resistant to hostile enchantments, very unstealthy
A: unfitting armour, claws 3, fast metabolism 3, gourmand, regeneration 2,
shaggy fur 1, tough skin 2
a: Renounce Religion, Evoke Berserk Rage


You were on level 5 of the Dungeon.
You worshipped the Shining One.
The Shining One was noncommittal.
You were not hungry.

You visited 1 branch of the dungeon, and saw 5 of its levels.
You also visited: Sewer.

You collected 205 gold pieces.

Inventory:

Armour
 a - a +0 animal skin (worn)
 m - a +0 cloak (worn)
 D - the cursed +0 leather armour of Parlour Games {Dex+5}
   (You found it on level 5 of the Dungeon)

   It affects your dexterity (+5).
   It has a curse placed upon it.
Jewellery
 c - an amulet of rage (around neck)
 j - a +3 ring of intelligence (left claw)
 n - a ring of protection from fire (right claw)
 x - a +5 ring of intelligence
Scrolls
 l - 3 scrolls of teleportation
 o - 3 scrolls of identify
 r - 2 scrolls of fog {unknown}
 t - a scroll of immolation {unknown}
 v - a scroll of amnesia {unknown}
 y - a scroll of blinking {unknown}
 C - a scroll of fear {unknown}
Potions
 d - a potion of degeneration {unknown}
 e - a potion of flight {unknown}
 g - a potion of cure mutation {unknown}
 h - 2 potions of magic {unknown}
 i - 5 potions of curing
 k - 2 potions of poison {unknown}
 p - a potion of might {unknown}
 q - a potion of mutation {unknown}
 s - 2 potions of heal wounds {unknown}
 u - a potion of haste {unknown}
 w - 2 potions of lignification {unknown}
 A - a potion of ambrosia {unknown}
Comestibles
 b - 4 bread rations
 f - 3 beef jerkies
 z - 3 fruits
 B - a meat ration


   Skills:
 + Level 4.9 Fighting
 + Level 4.6 Dodging
 + Level 5.8 Unarmed Combat


You had 6 spell levels left.
You didn't know any spells.

Dungeon Overview and Level Annotations

Branches:
Dungeon (5/15)
 Temple: D:4-7

Altars:
Kikubaaqudgha
Makhleb
Qazlal
The Shining One


Innate Abilities, Weirdness & Mutations

You are too large for most types of armour.
You have claws for hands.
Your metabolism is lightning-fast.
You like to eat raw meat.
You heal very quickly.
You are covered in fur (AC +1).
You have very tough skin (AC +2).


Message History

The black bear rages.
The black bear closely misses you.
The black bear claws you but does no damage.
The black bear misses you. The polar bear bites you.
* * * LOW HITPOINT WARNING * * *
The polar bear claws you.
* * * LOW HITPOINT WARNING * * *
The polar bear claws you.
* * * LOW HITPOINT WARNING * * *
The polar bear barely misses you. The polar bear claws you.
* * * LOW HITPOINT WARNING * * *
The polar bear claws you.
* * * LOW HITPOINT WARNING * * *
You mangle the polar bear!!
The polar bear is heavily wounded.
The black bear barely misses you. The black bear claws you.
* * * LOW HITPOINT WARNING * * *
The black bear claws you but does no damage.
The polar bear bites you!!
You die...

#.#...#
######'#####'##
#.#.###
#............# .
#.#
#............## .#
#.#
#.....÷.....#.. #.
#.#
####...........#..
# ...
..##)..........#..
.##
#h##############..
. #h# #.........##
#@#####.........#
#hhh..#.........#
#####.#.........#
###'###.......#
#.....#.......##
#.≈.≈.#.......## #
#.._..#.......##
#.
#.≈.≈.#.......##
#..
#.....#.########


You could see 2 polar bears and 3 black bears.

Vanquished Creatures
  Sigmund (D:3)
  2 big kobolds (Sewer)
  2 hounds
  Jessica (D:3)
  3 worker ants (D:4)
  Terence (D:2)
  Natasha (twice) (D:3)
  A hound skeleton (D:4)
  Robin (D:2)
  3 gnolls (D:3)
  13 adders
  3 oozes
  A shadow imp (D:5)
  An adder skeleton (D:4)
  A worm (D:2)
  10 orcs
  7 bats
  11 hobgoblins
  13 jackals
  18 kobolds
  4 ball pythons
  3 giant cockroaches (D:2)
  7 giant geckos
  7 giant newts
  16 goblins
  A jackal skeleton (D:4)
  2 quokkas
  14 rats
149 creatures vanquished.

Notes
Turn   | Place    | Note
--------------------------------------------------------------
     0 | D:1      | GrandHerb the Troll Berserker began the quest for the Orb.
     0 | D:1      | Reached XP level 1. HP: 22/22 MP: 0/0
    84 | D:1      | Reached XP level 2. HP: 27/29 MP: 1/1
   191 | D:1      | Acquired Trog's second power
   422 | D:1      | Reached XP level 3. HP: 36/36 MP: 2/2
   832 | D:2      | Noticed Robin
   848 | D:2      | Killed Robin
   848 | D:2      | Reached XP level 4. HP: 45/45 MP: 3/3
   867 | D:2      | Reached skill level 4 in Unarmed Combat
  1060 | D:2      | Noticed Terence
  1068 | D:2      | Killed Terence
  1127 | D:2      | Found a faded altar to an unknown god.
  1339 | D:3      | Noticed Natasha
  1339 | D:3      | Noticed Sigmund
  1345 | D:3      | Killed Sigmund
  1345 | D:3      | Reached XP level 5. HP: 47/54 MP: 4/4
  1345 | D:3      | Reached XP level 6. HP: 53/62 MP: 5/5
  1347 | D:3      | Killed Natasha
  1556 | D:3      | Acquired Trog's third power
  1574 | D:3      | Noticed Jessica
  1597 | D:3      | Killed Jessica
  2087 | D:3      | Reached skill level 5 in Unarmed Combat
  2108 | D:3      | Noticed Natasha
  2113 | D:3      | Killed Natasha
  2337 | D:4      | Found a glowing drain.
  2350 | Sewer    | Entered a sewer
  2384 | Sewer    | Reached XP level 7. HP: 69/71 MP: 6/6
  3314 | D:5      | Entered Level 5 of the Dungeon
  3352 | D:5      | Found an ancient bone altar of Kikubaaqudgha.
  3372 | D:5      | Found a glowing golden altar of the Shining One.
  3372 | D:5      | Found a burning altar of Makhleb.
  3386 | D:5      | Fell from the grace of Trog
  3386 | D:5      | Became a worshipper of the Shining One
  3717 | D:5      | Got a warped leather armour
  3718 | D:5      | Identified the cursed +0 leather armour of Parlour Games {Dex+5} (You found it on level 5 of the Dungeon)
  3741 | D:5      | Found a stormy altar of Qazlal.
  3757 | D:5      | Noticed a polar bear
  3757 | D:5      | Noticed a polar bear
  3760 | D:5      | The Shining One protects you from harm!
  3760 | D:5      | HP: 3/71 [polar bear[the rage of Trog] (3)]
  3761 | D:5      | HP: 1/71 [black bear[the rage of Trog] (2)]
  3761 | D:5      | Annihilated by a polar bear

Vault maps used:
D:1:      minmay_arrival_cross, minmay_misc_feat_more_columns, minmay_unequal
D:2:      first_bread, ecumenical_altar_2, uniq_terence, uniq_robin
D:3:      uniq_jessica, uniq_natasha, uniq_sigmund
D:4:      portal_sewer_entry_d
D:5:      kennysheep_little_box, grunt_temple_overflow_open, minmay_holes
Sewer:    sewer_co_15_rooms

Action                   |  1- 3 |  4- 6 |  7- 9 || total
-------------------------+-------+-------+-------++-------
Melee: Unarmed           |   122 |   149 |    96 ||   367
Invok: Berserk           |     1 |       |       ||     1
  Use: Scroll            |       |       |     2 ||     2
 Stab: Sleeping          |       |     1 |       ||     1
  Eat: Chunk             |    13 |    15 |     5 ||    33
       Bread ration      |       |       |     1 ||     1
